 Dungeon Crawl Stone Soup version 0.25-a0-339-gb37b713d4c (webtiles) character file.

Game seed: 9361022308745899384, levelgen mode: deterministic

161 Error4North the Chopper (level 5, 0/46 HPs)
             Began as a Hill Orc Fighter on Dec 28, 2019.
             Was a Believer of Zin.
             Slain by Grinder (2 damage)
             ... on level 4 of the Dungeon.
             The game lasted 00:11:04 (2412 turns).

Error4North the Chopper (Hill Orc Fighter)          Turns: 2412, Time: 00:11:05

Health: 0/46       AC:  5    Str: 21    XL:     5   Next: 42%
Magic:  4/5        EV:  7    Int:  9    God:    Zin [**....]
Gold:   135        SH:  9    Dex: 11    Spells: 4/4 levels left

rFire    . . .     SeeInvis .   a - +0 war axe
rCold    . . .     Gourm    .   c - +0 shield
rNeg     . . .     Faith    .   b - +0 scale mail
rPois    ∞         Spirit   .   (no helmet)
rElec    .         Reflect  .   i - +0 cloak
rCorr    .         Harm     .   (no gloves)
MR       .....                  (no boots)
Stlth    ..........             (no amulet)
HPRegen  0.15/turn              (no ring)
MPRegen  0.09/turn              (no ring)

@: vitalised
A: deformed body, evolution 1
a: Recite, Vitalisation, Donate Gold, Renounce Religion


You were on level 4 of the Dungeon.
You worshipped Zin.
Zin was pleased with you.
You were not hungry.

You visited 1 branch of the dungeon, and saw 4 of its levels.

You collected 177 gold pieces.
You donated 42 gold pieces to Zin.

Inventory:

Hand Weapons
 a - a +0 war axe (weapon)
Missiles
 e - 147 stones (quivered)
Armour
 b - a +0 scale mail (worn)
 c - a +0 shield (worn)
 i - a +0 cloak (worn)
Jewellery
 g - an uncursed amulet of harm {unknown}
 m - an uncursed ring of flight {unknown}
 o - an uncursed ring of ice {unknown}
 q - an uncursed amulet of faith {unknown}
Wands
 s - a wand of digging (3)
Scrolls
 h - 2 scrolls of immolation {unknown}
 j - a scroll of identify {unknown}
 l - a scroll of blinking {unknown}
 n - a scroll of remove curse {unknown}
 r - a scroll of fear {unknown}
Potions
 d - a potion of might
Comestibles
 f - 4 rations


   Skills:
 + Level 4.0 Fighting
 + Level 4.7 Axes
 * Level 4.3 Armour
 + Level 0.3 Dodging
 * Level 4.3 Shields


You had 4 spell levels left.
You didn't know any spells.
Your spell library was empty.

Dungeon Overview and Level Annotations

Branches:
Dungeon (4/15)
 Temple: D:4-7

Altars:
Makhleb
Okawaru
Zin

Annotations:
D:4 Grinder


Innate Abilities, Weirdness & Mutations

Armour fits poorly on your strangely shaped body.
You evolve.


Message History

You barely miss Grinder.
Grinder is moderately wounded.
Grinder gestures at you.
You barely resist. You slash Grinder!
Grinder is severely wounded.
You block Grinder's attack.
You closely miss Grinder.
Grinder is severely wounded.
Grinder barely misses you. Grinder hits you.
You writhe in agony.
* * * LOW HITPOINT WARNING * * *
You slash Grinder!
Grinder is almost dead.
Grinder gestures at you. Pain shoots through your body!
* * * LOW HITPOINT WARNING * * *
You barely miss Grinder.
Grinder is almost dead.
Grinder hits you.
You die...

## #.#############
#.............#
.........####.# .........#
#.# .........# #.#####
.........# #.....# .
.........########.####....
####...........5@.........
.....##+#######.######..#.
.###.....# #...
...#.....######..###
...#>....+.........
...#.....#........#
...#.##.......##..#
...#....##.#.###..#
...####.##.#..##..#


You could see Grinder.

Vanquished Creatures
  5 adders
  A gnoll (D:1)
  2 oozes
  2 worms
  5 dart slugs
  2 leopard geckos
  2 ball pythons
  4 giant cockroaches
  5 goblins
  10 hobgoblins
  12 jackals
  11 kobolds
  8 bats
  4 frilled lizards
  8 rats
81 creatures vanquished.

Vanquished Creatures (others)
  5 toadstools (D:1)
5 creatures vanquished.

Grand Total: 86 creatures vanquished

Notes
Turn   | Place    | Note
-------+----------+-------------------------------------------
     0 | D:1      | Error4North the Hill Orc Fighter began the quest for the
                  | Orb.
     0 | D:1      | Reached XP level 1. HP: 19/19 MP: 1/1
   312 | D:1      | Reached XP level 2. HP: 19/27 MP: 2/2
   721 | D:1      | Reached XP level 3. HP: 29/33 MP: 3/3
   966 | D:1      | Reached XP level 4. HP: 34/40 MP: 4/4
  1335 | D:2      | Noticed a cacodemon
  1336 | D:2      | Found a burning altar of Makhleb.
  1340 | D:2      | Found a glowing silver altar of Zin.
  1340 | D:2      | Noticed an angel
  1352 | D:2      | Became a worshipper of Zin the Law-Giver
  1354 | D:2      | Donated 25 gold pieces to Zin
  1494 | D:2      | Reached * piety under Zin
  1641 | D:2      | Reached XP level 5. HP: 35/46 MP: 5/5
  1877 | D:3      | Reached ** piety under Zin
  2211 | D:4      | Found an iron altar of Okawaru.
  2388 | D:4      | Noticed Grinder
  2404 | D:4      | Gained mutation: Armour fits poorly on your strangely
                  | shaped body. [potion of mutation]
  2404 | D:4      | Gained mutation: You evolve. [potion of mutation]
  2411 | D:4      | HP: 2/46 [Grinder/nerve-wracking pain (9)]
  2412 | D:4      | Slain by Grinder

Levels and vault maps discovered:
D:1:      ldierk_walled_garden, layout_loops_cross, st_stairs_6
D:2:      layout_loops_ring, grunt_temple_overflow_order_and_chaos_2,
          first_ration
D:3:      layout_basic
D:4:      minmay_clustersquares, layout_basic, minmay_temple_entry_large_hall,
          ebering_ghost_disaster_area, serial_shops, shop,
          okawaru_ov_weapons_minmay, uniq_edmund, uniq_pikel, uniq_grinder

Skill      XL: |  1  2  3  4  5 |
---------------+----------------+-----
Axes           | 3 4 |  4.7
Armour         | 4 |  4.3
Shields        | 4 |  4.3
Fighting       | 4 |  4.0
Dodging        | |  0.3

Action                   |  1- 3 |  4- 6 || total
-------------------------+-------+-------++-------
Melee: War axe           |   107 |   168 ||   275
Throw: Stone             |       |    11 ||    11
Invok: Donate Gold       |       |     1 ||     1
       Vitalisation      |       |     1 ||     1
  Use: Potion            |       |     2 ||     2
  Eat: Chunk             |       |     5 ||     5
Armor: Scale mail        |    65 |    60 ||   125
Dodge: Dodged            |    37 |    38 ||    75
Block: Shield            |    65 |    76 ||   141

Table legend:
 A = Non-vault XP
 B = Vault XP
 C = Vault XP percentage of total XP
 D = Non-vault monster count
 E = Vault monster count
 F = Vault count percentage of total count
                 A         B        C        D         E       F
            +---------+---------+-------+---------+---------+-------
      Total |     229 |       1 |   0.4 |      80 |       1 |   1.2
            +---------+---------+-------+---------+---------+-------
        D:1 |      81 |       1 |   1.2 |      35 |       1 |   2.8
        D:2 |      85 |       0 |   0.0 |      25 |       0 |   0.0
        D:3 |      27 |       0 |   0.0 |      16 |       0 |   0.0
        D:4 |      36 |       0 |   0.0 |       4 |       0 |   0.0
            +---------+---------+-------+---------+---------+-------
